Workbook

Sheet SUMMARY 
B1: LOT 1: Kasulu TC (5 WASH, 1 with dormitory)
B2: SUMMARY
B4: S/N | C4: Item | D4: Unit | E4: Qnt | F4: Unit Cost (EUR)
B5: 1 | C5: Completion of remaining works for an 84 Girls' Dormitory at Mwanga Secondary School in Kasulu TC | D5: No | E5: 1 | F5: ='84 Dormitory Mwanga'!H422 -> 0
B6: 2 | C6: Renovation of WASH facility at Mwanga Secondary School in Kasulu TC | D6: No | E6: 1 | F6: =MWANGA!F187 -> 0
B7: 3 | C7: Completion of remaining works for a WASH facility at Ruhita Secondary School in Kasulu TC | D7: No | E7: 1 | F7: =RUHITA!F173 -> 0
B8: 4 | C8: Completion of remaining works for a WASH facility at Kigodya Secondary School in Kasulu TC | D8: No | E8: 1 | F8: =KIGODYA!G174 -> 0
B9: 5 | C9: Completion of remaining works for WASH facility at Kinkati Secondary School in Kasulu TC | D9: No | E9: 1 | F9: ='KINKATI '!G171 -> 0
B10: 6 | C10: Completion of remaining works for a WASH facility at Nyansha Secondary School in Kasulu TC | D10: No | E10: 1 | F10: =NYANSHA!G177 -> 0
B11: TOTAL (EURO) VAT EXCLUSIVE | F11: =SUM(F5:F10) -> 0

Sheet 84 Dormitory Mwanga
D1: PRELIMINARIES
B4: Bill of Quantities For the Completion of Remaining Construction Works for a Girls' dormitory -Capacity 84 at Mwanga Kasulu secondary school - Kasulu TC
B5: Girls Dorm-84 - Preliminaries
B6: S/No | C6: Item | D6: Unit | E6: Qty | F6: Rate (TZS) | G6: Rate (EURO) | H6: Amount (EURO)
B8: 1 | C8: The dormitory has been constructed by approx. 50% percentage of walling completion is 65 and roofing is also approx. 65%
B10: A | C10: The Contractor shall be deemed to have visited the site and satisfied himself as to:- The nature of the site, The amount of bush, rubbish or debris to be cleared away before commencement, access to the site, availability of materials and the like. All the cost is for contractor
B11: B | C11: Allowance for material testing | D11: Item | E11: 1 | H11: =G11*E11 -> 0
B12: C | C12: Secure performance bond and insurance | D12: Item | E12: 1 | H12: =G12*E12 -> 0
B13: D | C13: Preparation of as built drawings | D13: Item | E13: 1 | H13: =G13*E13 -> 0
B14: E | C14: Mobilization and demobilization of tools, materials, manpower, and equipment. | D14: Item | E14: 1 | H14: =G14*E14 -> 0
B15: F | C15: Provide site food allowance for 10 VETA students undertaking practical industrial training on the project, including meals and welfare support during the training period. The Contractor shall facilitate skills development opportunities for trainees in relevant construction trades, with special encouragement for the participation of youth and female students, as directed by the Engineer. Will be sleeping at site as workers in a temporly on site shade. Payment to be made upon submission and acceptance of Students' attendance sheet | D15: Month | E15: 3 | F15: =10*150 -> 1500 | H15: =G15*E15 -> 0
B16: G | C16: Water for the works: The contractor shall allow for all necessary clean fresh water for the works, including that required by sub-contractors and for any temporary plumbing meters and storage facilities and pay all charges in connection therewith and clear away on completion and make good works disturbed. | D16: Item | E16: 1 | H16: =G16*E16 -> 0
C17: SUB-TOTAL Element no 1: preliminaries | H17: =SUM(H10:H16) -> 0
C20: Item | D20: Unit | E20: Qnt | F20: Rate | G20: Rate | H20: Contract Amount
AL21: Area for 84 | AM21: =33*30 -> 990
C22: RAMPS and STEPS (total of 7 ramps)
B23: A | C23: Foundation: Construct a 400mm thick stone masonry wall includind excavation and backfilling | D23: m3 | E23: 49.7 | F23: 60000 | H23: =E23*G23 -> 0
B24: B | C24: 300 mm thick hard core | D24: m2 | E24: 51 | F24: 35000 | H24: =E24*G24 -> 0
B25: C | C25: 100 mm thick, Plain vibrated concrete slab grade 15 including formworks and curing | D25: m2 | E25: 51 | F25: 35000 | H25: =E25*G25 -> 0
C27: TOTAL ELEMENT NO 2: SUBSTRUCTURE | H27: =SUM(H23:H26) -> 0
C30: SUPERSTRUCTURE - Walls and Frames
C32: EXTERNAL AND INTERNAL WALLING
B33: A | C33: Solid 230mm Thick ISSB walling external and internal walls, cost to include extraction and preparation of soil, block fabrication, curing and installation (with the strength of 3-5 MPa) | D33: M2 | E33: 265 | F33: 45000 | H33: =E33*G33 -> 0
B34: B | C34: Perforated bricks wall on top of ring beam, 230mm Thick hydraform external walling. Cost to include extraction and preparation of soil, block fabrication, curing and installation (with the strength of 3-5 MPa) | D34: M2 | E34: 88.4 | F34: 45000 | H34: =E34*G34 -> 0
C35: CONCRETE WORK:
C36: Reinforced insitu concrete grade ‘25’ including vibrating around reinforcements.
B38: C | C38: Horizontal beams ring beams | D38: M3 | E38: 8 | F38: 350000 | H38: =E38*G38 -> 0
C40: REINFORCEMENTS
C42: High tensile steel bar reinforcement -fy 500, including cutting to length, bending, hoisting and fixing and all necessary tying wires and spacing blocks
B44: D | C44: 12mm diameter | D44: Kgs | E44: 435 | F44: 4000 | H44: =E44*G44 -> 0
B46: E | C46: 8mm diameter | D46: Kgs | E46: 125 | F46: 4000 | H46: =E46*G46 -> 0
B48: F | C48: M6 bars for truss arnchoring, to be casted with ring beams and potrudes out of conrete by 400mm length | D48: Kgs | E48: 6 | F48: 4000 | H48: =E48*G48 -> 0
C50: FORMWORK TO INSITU CONCRETE
B52: G | C52: Supply and install formwork, including all necessary tools and materials for preparation and installation, as well as removal of the formwork once completed. | D52: M2 | E52: 74 | F52: 35000 | H52: =E52*G52 -> 0
B53: H | C53: Supply and cast 75mm diameter black pipe column to suport roof at veranda, make a hole and fix a 10mm bolt of 150mm long per every column | D53: No | E53: 15 | F53: 200000 | H53: =E53*G53 -> 0
C55: TOTAL ELEMENT NO 3: SUPERSTRUCTURE - Walls and Frames | H55: =SUM(H32:H54) -> 0
C57: Roofing and water havesting
B58: A | C58: Truss Fabrication, Installation and fixing purlins spaced 0.9m c/c along rafter of every truss. fix purlins with 5"nails then tie with core wire securing to rafer. • Materials: Supply well-seasoned and treated timber. Timber sections to be used: Rafters: 50x150 mm. - eucaliptus Tie beams: 50x150 mm. eucaliptus Wall plates and struts: 50x100 mm. eucaliptus Purlins: 50x70 mm. - Pine soft wood timber • Fabrication: Fabricate the trusses as per the provided drawings. Ensure the trusses are fabricated with a rafter slope of 8 degrees. • Installation: Install the fabricated trusses on the ring beam with a spacing of 1.4 meters center-to-center (c/c). Anchor the trusses to the ring beam using core M6 steel bars casted in the ring beam. Use two bolts (12mm diameter) with nuts and 2inches diameter washers to secure the joints of rafters and tie beams. • Overhangs: o The external overhang is to be 1.5 meters long. o The internal overhang at the hallway is to be 0.8 meters long. • Additional Provisions: o All tools, nails, and materials necessary for the truss fabrication and installation are to be included Note: Trusses spanning the entire width of the building will be counted. The shorter trusses will be estimated to form a complete large truss for payment calculation. | D58: No | E58: 15 | F58: 100000 | H58: =E58*G58 -> 0
B59: B | C59: Supply and fix 28-gauge IT5 profiled roofing sheets with a resin-coated finish, having a minimum Solar Reflectance Index (SRI) of 78, solar reflectance of not less than 70%, and thermal emittance of not less than 0.80, to reduce heat absorption and improve indoor thermal comfort. Roofing sheets shall be fixed to treated pine timber purlins using 3.5-inch roofing nails with neoprene/rubber washers, complete with all ridge caps, flashings, laps, fixings, sealants, and accessories necessary for a complete weatherproof roofing system, in accordance with the approved drawings and specifications. | D59: m2 | E59: 245 | F59: 35000 | H59: =E59*G59 -> 0
B60: C | C60: Supply and fix a Fascia board: use well seasoned and treated pine timber - 25x200mm. fix brackets with screw of a lenght of 1.5 inches , fixed at 600mm c/c, with approved | D60: m | E60: 60 | F60: 15000 | H60: =E60*G60 -> 0
B61: D | C61: Supply and fix Valley cap, 450mm girth | D61: LM | E61: 15 | F61: 20000 | H61: =E61*G61 -> 0
B62: E | C62: Ceiling- Brandering: Supply and install 50x50 mm treated pine timber brandering- 600mm c/c | D62: M2 | E62: 611.75 | F62: 3000 | H62: =E62*G62 -> 0
B63: F | C63: Ceiling- gypsum board and cornics: Fix 9mm thick gypsum board as per Thailand or the like. | D63: m2 | E63: 611.75 | F63: 16000 | H63: =E63*G63 -> 0
C64: Ceiling at eaves: Provide and fix 75 × 75 mm treated timber brandering framework at 400 mm c/c, including timber backing supports between rafters, complete with galvanized chicken mesh (5–10 mm aperture), hardwood cornices, nails, and all necessary accessories. Apply three coats of approved white paint to timber before installation and two coats to mesh after installation, complete to approved finish. | D64: m2 | E64: 41.4 | F64: 16000 | H64: =E64*G64 -> 0
B65: G | C65: Supply a micro coffee mesh wire(5-10mm aperture) and fix it behind the perforated fill masonry wall on top of ring beam with timber cornices to prevent dust from entering the top of the ceiling. Further instruction to e given by engineer on site. | D65: m2 | E65: 66 | F65: 25000 | H65: =E65*G65 -> 0
C67: Water Harvesting System
B68: H | C68: Gutters Supply and fix class B PVC gutter 150mm diameter by 75mm deep. Including downpipes of 75mm diameter , 500mm c/c brackets for gutters and downpipe, plus all required fittings and glues. | D68: m | E68: 90 | F68: 16000 | H68: =E68*G68 -> 0
B69: Ha | C69: Storage sim tanks Supply and install 4 PVC tanks of 10,000 litres | D69: No | E69: 4 | F69: 6000000 | H69: =E69*G69 -> 0
B70: I | C70: Tank Base: Construct circular ground-supported stone masonry bases for each tank, 2.0 m external diameter and 600 mm high above ground level (height to vary depending on tank elevation requirements), built monolithically with two intersecting internal bracing walls. Foundation wall to be 700 mm deep and 500 mm thick, complete with gravel backfilling and 150 mm thick Grade 20 reinforced concrete slab reinforced with 6 mm BRC mesh. | D70: No | E70: 4 | F70: 500000 | H70: =E70*G70 -> 0
C72: TOTAL ELEMENT No 4: ROOFING AND RAIN WATER HARVESTING | H72: =SUM(H58:H70) -> 0
C75: Plastering
B76: A | C76: External wall: foundation 25mm thick Plaster a stone masonry foundation wall 1:3 cement sand | D76: m2 | E76: 158.4 | F76: 20000 | H76: =E76*G76 -> 0
B77: B | C77: External wall: superstructure 25mm thick Plaster 1:4 cement sand, 25mm thick 0.8m high from DPC level | D77: m2 | E77: 231.2 | F77: 20000 | H77: =E77*G77 -> 0
B78: C | C78: Externally: apply a 25mm thick Plaster 1:4 cement sand to all beams, and corners of the walls and around windows seal, and at connection with roof sheet. Size 75mm wide | D78: m2 | E78: 145.4 | F78: 20000 | H78: =E78*G78 -> 0
C80: Internal walls finishing (1:4)
B81: D | C81: Plastering 25mm thick to obtain a smooth finish. | D81: m2 | E81: 872.6 | F81: 20000 | H81: =E81*G81 -> 0
C83: Floor finishing
B84: E | C84: Terrazzo floor finish including 150mm high skirtings to all walls | D84: m2 | E84: 611.75 | F84: 75000 | H84: =E84*G84 -> 0
C86: Painting and decoration works
C87: Externally
B88: F | C88: Clean and apply three coat of seed oil or apply a varnish to all ISSB external walls ( walls at windows and doors sides) as per final approval from consultant | D88: m2 | E88: 885.85 | F88: 5000 | H88: =E88*G88 -> 0
B89: G | C89: Supply and Skimming to obtain a smooth finish, clean, prime and Apply water-based weather guard paint to all plastered columns and beams and windows seal | D89: m2 | E89: 376.6 | F89: 10000 | H89: =E89*G89 -> 0
C91: Internally walls: Supply, skim, clean and apply:-
B92: H | C92: Emulsion Painting to internal wall surfaces | D92: m2 | E92: 872.6 | F92: 10000 | H92: =E92*G92 -> 0
B93: I | C93: Emulsion Painting to Celling (rooms and verandah | D93: m2 | E93: 611.75 | F93: 10000 | H93: =E93*G93 -> 0
B94: J | C94: Oil-based painting to fascia board, metal doors, grills and windows | D94: m2 | E94: 44.63 | F94: 10000 | H94: =E94*G94 -> 0
C96: SUB-TOTAL ELEMENT No 5 - FINISHING | H96: =SUM(H76:H95) -> 0
B98: A | C98: Electrical Installation works (Supply and Install) - Use pure copper wires
B99: B | C99: TANESCO site survey | D99: Sum | E99: 1 | F99: 500000 | H99: =E99*G99 -> 0
B100: C | C100: Supply and erection of TANESCO electrical poles | D100: No | E100: 2 | F100: 1000000 | H100: =E100*G100 -> 0
B101: D | C101: Supply and installation of single-phase electric cable from existing TANESCO pole to service line, complete as per TANESCO specifications | D101: m | E101: 200 | F101: 15000 | H101: =E101*G101 -> 0
B102: E | C102: Supply and installation of TANESCO service meter including a separate LUKU token recharge meter | D102: Pcs | E102: 1 | F102: 300000 | H102: =E102*G102 -> 0
B103: F | C103: Main distribution board, 12-way complete with circuit breakers, busbars, and accessories, fixed to wall as approved by consultant | D103: Pcs | E103: 1 | F103: 600000 | H103: =E103*G103 -> 0
B104: G | C104: Lightning spike arrestor complete with accessories | D104: Pcs | E104: 1 | F104: 450000 | H104: =E104*G104 -> 0
B105: H | C105: Installation of 16 mm diameter earth rod, 1.5 m long, complete with 4 kg stone salt, 0.1 m³ charcoal dust, and all necessary fittings | D105: No | E105: 1 | F105: 65000 | H105: =E105*G105 -> 0
B106: J | C106: Supply and installation of 6 mm² earth cable | D106: m | E106: 15 | F106: 4000 | H106: =E106*G106 -> 0
B107: K | C107: Supply and installation of 10 mm² tail wire from service meter to main switch (Live, Neutral, and Earth) | D107: m | E107: 30 | F107: 25000 | H107: =E107*G107 -> 0
B108: L | C108: Supply and installation of 1" PVC conduit pipes concealed in walls and ceilings, complete with accessories | D108: m | E108: 800 | F108: 1900 | H108: =E108*G108 -> 0
B109: M | C109: Wiring for lighting points using 1.5 mm² single-core pure copper wires (Live, Neutral, and Earth) | D109: m | E109: 600 | F109: 1100 | H109: =E109*G109 -> 0
B110: N | C110: Wiring for switch sockets using 2.5 mm² single-core pure copper wires (Live, Neutral, and Earth) | D110: m | E110: 200 | F110: 1500 | H110: =E110*G110 -> 0
... B114: S | C114: Twin switch sockets complete with cover plates | D114: No | E114: 8 | F114: 15000 | H114: =E114*G114 -> 0
C116: TOTAL ELEMENT No 6: ELECTRICITY INSTALLATION | H116: =SUM(H98:H114) -> 0
C118: DOORS
B119: A | C119: Doors Shutter Prime quality hardwood paneled doors mninga or other equal and approved hardwood 45mm Thick panelled single door Mahogany timber finish, comprising of 45 x 150mm top and middle rails, 45 x 150mm stiles and 45 x 200 bottom rail, panels filled in with and including 35mm thick moulded boarding tongued and grooved all round rails. fix using heavy duty three hinges of 4" per door Including Supply and fix the following "UNION" make or other equal and approved iron-mongery To softwood, hardwood or the like; fixing with screws ;- 3-Lever Mortise lock with furniture, Toiles and Bathroom lock with indicating bolt, 100mm Brass butt hinges
B120: B | C120: Ditto 900 x 2100mm high. | D120: No | E120: 21 | F120: 567000 | H120: =E120*G120 -> 0
C121: Supply and install Metal gates/doors
B122: C | C122: 1500x2100mm high ( for main exits gates)- Use 1"x2" hallow steel section of 3mm thick. Use a plate of 3mm thick, rockeset for gates and bolts. Secure gate to its frame with three hinges of 3" long 10mm diameter- as per consultant aproval | D122: No | E122: 4 | F122: 800000 | H122: =E122*G122 -> 0
C123: Supply and fix Door frames: Hardwood mininga or other equal and approved hardwood. Provide 16mm diameter burglar bars 150mm c/c , fix perforated 5mm thick clear sheet glass glazed to hardwood frame with glazing beads and fix a clear mosiquito wire net to prevent dust ant insects. Frame should be fixed to walls by using 8mm diameter fisher bolts of 150mm long fix at four points for each door frame jambs.- as per consultant aproval
B124: D | C124: Ditto 950x2800mm high | D124: No | E124: 21 | F124: 304000 | H124: =E124*G124 -> 0
C126: TOTAL ELEMENT NO 7: DOORS | H126: =SUM(H119:H125) -> 0
C128: WINDOWS
B129: A | C129: Window size: 1500mm wide x 2000mm High Supply, fabricate, and install aluminium sliding window units with a top-hung transom vent, designed to provide continuous natural ventilation and airflow to the room even when the main sliding panels are closed. The ventilated transom shall be fitted with an adjustable opening mechanism and appropriate insect screening. Window frames and shutters shall be fabricated from extruded aluminium alloy 6063-T5/T6, comprising: Main frame: 100 × 50 mm, minimum 1.8 mm thick Sliding shutter sections: 26 × 50 mm, minimum 1.4 mm thick Interlock sections: 26 × 50 mm, minimum 1.8 mm thick Glazing shall consist of 5 mm thick tinted float glass with machine-polished edges, securely fixed with EPDM rubber gaskets and glazing beads. The windows shall be supplied complete with an aluminium-framed Grade 316 stainless steel mosquito screen, friction stays, safety restrictors, locks, rollers, handles, weather strips, and all necessary ironmongery. The work shall include all necessary mullions, transoms, glazing beads, fixing brackets, anchors, sealants, flashings, and accessories required for a complete installation. Windows shall be fixed into concrete or ISSB blockwork openings, accurately aligned, and sealed continuously around the perimeter with approved weatherproof sealant to ensure a watertight and airtight installation. All works shall be carried out in accordance with the approved drawings, manufacturer's recommendations, and the Engineer's instructions. | D129: No | E129: 23 | H129: =E129*G129 -> 0
B130: B | C130: Install grill windows to walls at clothes washing area. Size of 2000mm long x 1300m high from ring beam level- | D130: No | E130: 2 | F130: 208000 | H130: =E130*G130 -> 0
C132: TOTAL ELEMENT NO 8: WINDOWS | H132: =SUM(H129:H131) -> 0
C134: FIRE FIGHTING INSTALLATION
B135: A | C135: Supply and install 9KG, dry powder as per consultant approval | D135: No | E135: 4 | F135: 350000 | H135: =E135*G135 -> 0
B136: B | C136: Stand-alone smoke detector complete with built-in alarm siren, rechargeable lithium battery, automatic charging system connected directly to the electrical grid, automatic cut-off when fully charged, automatic recharging when battery level is low, LED status indicator, mounting accessories, and compliant with approved fire safety standards. complete with wires and all its other componets | D136: No | E136: 7 | F136: 300000 | H136: =E136*G136 -> 0
B138: 9 | C138: TOTAL ELEMENT NO 9: FIRE FIGHITING EQUIPMENTS | H138: =SUM(H135:H137) -> 0
B140: SUB SUMMARY DORMITORY ROOMS
B142: 1 | C142: SUB-TOTAL Element no 1: preliminaries | H142: =H17 -> 0
...

Sheet KINKATI 
B2: Bill of Quantities For the Completion of remaining Works for a WASH facility at Kinkati Secondary School - Kasulu TC Note: Pre executed quantities will not be paid.
C3: KINKATI WASH
B4: S/No | C4: Item | D4: Unit | E4: Qty | F4: Rate (EURO) | G4: Total (EURO)
C5: This Wash facility is at the finishing level with few works to be completed. The contractor is required to fill relevant market prices for works completion. | F5: 0 | G5: =F5*E5 -> 0
C7: RAMPS (total of 2 ramps)
B8: A | C8: Foundation: Construct a 400mm thick stone masonry wall including excavations and backfilling | D8: m3 | E8: 8 | G8: =E8*F8 -> 0
B9: B | C9: 400 mm thick hard core | D9: m2 | E9: 9 | G9: =E9*F9 -> 0
B10: C | C10: 100 mm thick, Plain vibrated concrete slab grade 15 including formworks and curing | D10: m2 | E10: 9 | G10: =E10*F10 -> 0
C12: TOTAL FOUNDATION AND WALLING | G12: =SUM(G8:G11) -> 0
B14: 4 | C14: DOORS | G14: =F14*E14 -> 0
C15: Doors Shutter Prime quality hardwood paneled doors mninga or other equal and approved hardwood 45mm Thick panelled single door Mahogany timber finish, comprising of 45 x 150mm top and middle rails, 45 x 150mm stiles and 45 x 200 bottom rail, panels filled in with and including 35mm thick moulded boarding tongued and grooved all round rails. fix using heavy duty three hinges of 4" per door Including Supply and fix the following "UNION" make or other equal and approved iron-mongery To softwood, hardwood or the like; fixing with screws ;- 3-Lever Mortise lock with furniture, Toiles and Bathroom lock with indicating bolt, 100mm Brass butt hinges | G15: =F15*E15 -> 0
B16: A | C16: Ditto 800 x 2000mm high. ( toilets and changing room) | D16: No | E16: 11 | G16: =F16*E16 -> 0
B17: B | C17: Supply and install a 1050 mm × 2000 mm high door for the Persons with Disabilities (PWD) toilet, complete with frame, ironmongery, and all necessary fixing accessories. The door shall be of solid construction, without ventilation openings, glazing, or burglar bars. The door leaf shall be hung on 100mm long three heavy-duty double-swing hinges, fixed at three equally spaced points to the frame, allowing the door to swing in both directions. The double-swing arrangement shall enable wheelchair users to open the door by pushing from either side, facilitating ease of access and compliance with accessibility requirements. Installation shall include all locks, handles, door stops, and fittings required for a complete and functional door assembly, in accordance with the approved drawings, specifications, and the Engineer's instructions. | D17: No | E17: 1 | G17: =F17*E17 -> 0
B18: C | C18: Metal door 1500x2000mm high ( at main entrance). Frame should be fixed to walls by using 8mm diameter fisher bolts of 150mm long fix at four points for each door frame jambs.- as per consultant aproval | D18: No | E18: 1 | G18: =F18*E18 -> 0
B19: D | C19: Metal door 900x2000mm high ( at incinerator area ). Frame should be fixed to walls by using 8mm diameter fisher bolts of 150mm long fix at four points for each door frame jambs.- as per consultant aproval | D19: No | E19: 1 | G19: =F19*E19 -> 0
C21: Supply and fix Door frames: Hardwood mininga or other equal and approved hardwood. Door frame Fixing: must use 4 pcs 8 mm diameter, 6” long fisher bolts per frame (fixed at jambs). | G21: =F21*E21 -> 0
B22: E | C22: Ditto 850x2800mm high (Changing room and incinerator) | D22: No | E22: 1 | G22: =F22*E22 -> 0
B23: F | C23: 850x2000mm , high no vents, no glass, no buglar bars ( for Toilets) | D23: No | E23: 10 | G23: =F23*E23 -> 0
B24: G | C24: 1050x2000mm high no vents, no glass, no buglar bars ( for Toilets-PWD) | D24: No | E24: 1 | G24: =F24*E24 -> 0
G25: =F25*E25 -> 0
C26: (T&L) TOTAL DOORS | G26: =SUM(G15:G25) -> 0
C28: WINDOWS | G28: =F28*E28 -> 0
B29: A | C29: Supply and fix painted metal windows of 1 inch pipe sized for 1000x600 High ( Toilet) complete with galvanized wire mesh, including all necessary frames, fixings, painting/coating, and installation as specified | D29: No | E29: 12 | G29: =F29*E29 -> 0
C31: (T&L) TOTAL WINDOW | G31: =SUM(G29:G30) -> 0
G32: =F32*E32 -> 0
C33: FINISHING WORKS & DECORATION | G33: =F33*E33 -> 0
B34: 6 | C34: Finishing | G34: =F34*E34 -> 0
B35: A | C35: Plastering 25mm thick 1:3 cement sand to foundation wall and to internal walls | D35: m2 | E35: 3 | G35: =F35*E35 -> 0
B36: B | C36: water proof plaster in inernal toilet walls and terrazzo to laundry and Around dhobi sinks | D36: m2 | E36: 69.16
C37: Skim internal walls with water proof cement slurry mixed with cream color pigments to toilet rooms 1.5m high up to window level | D37: m2 | E37: 100 | G37: =F37*E37 -> 0
B38: C | C38: Carefully finish the terrazzo works by scrubing and polishing Terrazzo floor incl 150mm high skirtings to an acceptable work and client's satisfaction. ( Terrazzo is existing it only needs to be well scrubbed and polished) | D38: m2 | E38: 91 | G38: =F38*E38 -> 0
B39: D | C39: 50mm thick Terrazzo finishing to Dhobi sinks | D39: m2 | E39: 35 | G39: =F39*E39 -> 0
B40: D | C40: Vanish exernal ISSB wall | D40: m2 | E40: 80.29 | G40: =F40*E40 -> 0
B41: E | C41: Repeat Painting one coats of bituminous paint to foundation walls, internal walls and to beams. | D41: m2 | E41: 31.08 | G41: =F41*E41 -> 0
B42: F | C42: Painting three coats of burley brown bituminous paint to trusses and white color to fascia board | D42: Item | E42: 1 | G42: =F42*E42 -> 0
B43: G | C43: Supply and fix 150 mm thick concrete coping (RC grade 20 including formwork use 4Y12 and Y8-200c/c), weathered and throated, with bevelled fair-faced exposed surfaces, hoisted into position and bedded and pointed in 1:3 cement:sand mortar. The coping shall incorporate a 75 mm overhang on both sides of the wall and a 10 mm deep continuous drip groove beneath each overhang to prevent water from tracking onto the wall faces. The top surface shall be smooth and weathered with a minimum 0.5% cross fall to shed water away from the wall. All exposed surfaces shall be true, level, and free from defects, complete in accordance with the drawings and the Engineer's instructions. | D43: m | E43: 6 | G43: =F43*E43 -> 0
C45: (T&L) TOTAL FINISHING | G45: =SUM(G35:G44) -> 0
C47: PLUMBING AND SANITARY INSTALLATION
C48: Supply and install and test ; Plumbing | G48: =F48*E48 -> 0
B49: A | C49: Wall-Hung Wash Hand Basin Supply and install a 420 × 510 mm white vitreous china wall-hung wash hand basin, complete with 12 mm pillar taps, 32 mm chromium-plated chain waste, 32 mm plastic bottle trap, concealed brackets, fixing clamps, and all necessary accessories. Install in the changing/women's room and disabled toilet room as shown on the drawings. The basin shall be securely fixed to the wall using approved brass screws and concealed supports, with no floor support. All plumbing pipework and fittings shall be enclosed within a neat casing to conceal them from view. The installation shall include all plumbing connections, sealing, testing, and commissioning, complete in accordance with the drawings and the Engineer's instructions. | D49: No | E49: 2 | G49: =F49*E49 -> 0
B50: B | C50: Supply and install a complete disabled toilet suite, comprising an accessible floor-mounted vitreous china washdown WC pan with matching close-coupled or low-level cistern, a wash hand basin, 4 No. stainless steel grab rails, and 1 No. adjustable folding support rail, complete with all brackets, fixings, pipework connections, and accessories required for a complete installation. The WC pan shall be specifically designed for disabled access applications, with a seat height of approximately 450-480 mm above finished floor level, complete with heavy-duty toilet seat and cover. All grab rails and the folding support rail shall be manufactured from Grade SS304 stainless steel. The folding support rail shall extend at least 100 mm beyond the front edge of the WC pan to provide adequate support during transfer and use. The suite shall be of RAK Ceramics manufacture or approved equivalent and shall include all necessary fittings, fixing accessories, testing, and commissioning. Installation shall comply with the approved drawings, accessibility requirements, manufacturer's recommendations, and the Engineer's instructions. | D50: No | E50: 1 | G50: =F50*E50 -> 0
B51: D | C51: 80mm Diameter high quality plastic floor drain trap built in concrete bed | D51: No | E51: 12 | G51: =F51*E51 -> 0
B52: E | C52: 6mm silver mirror, lead backed, size 450 x600mm with arise edges fixed to wall with mirror screws | D52: No | E52: 4 | G52: =F52*E52 -> 0
B53: F | C53: 20mmØ Chromium plated towel single rail, 600mm long | D53: No | E53: 5 | G53: =F53*E53 -> 0
B54: I | C54: 100mm long soap holder (PVC), plugged and screwed to brick wall | D54: No | E54: 5 | G54: =F54*E54 -> 0
G55: =F55*E55 -> 0
C56: B: WASTE AND VENT PIPES | G56: =F56*E56 -> 0
C57: UPVC pipes: class 'C' | G57: =F57*E57 -> 0
B58: A | C58: 38mmØ; chase in block in concrete slab. | D58: m | E58: 20 | G58: =F58*E58 -> 0
B59: B | C59: Ditto: Equal tee | D59: No | E59: 10 | G59: =F59*E59 -> 0
B60: C | C60: Ditto; plain elbow | D60: No | E60: 6 | G60: =F60*E60 -> 0
B61: D | C61: Ditto; plugged elbow | E61: 6 | G61: =F61*E61 -> 0
G62: =F62*E62 -> 0
C63: C: SOIL AND PIPES | G63: =F63*E63 -> 0
B64: E | C64: UPVC pipes and fittings: Class 'C' | G64: =F64*E64 -> 0
B65: F | C65: 100mmØ pipe fixed to walls | D65: m | E65: 9 | G65: =F65*E65 -> 0
B66: G | C66: Ditto; laid in trenches. | D66: m | E66: 32 | G66: =F66*E66 -> 0
B67: H | C67: Ditto; plugged bend 90˚. | D67: No | E67: 10 | G67: =F67*E67 -> 0
B68: J | C68: Ditto; plain bend 90˚. | D68: No | E68: 10 | G68: =F68*E68 -> 0
G69: =F69*E69 -> 0
C70: D: Ancillaries: | G70: =F70*E70 -> 0
C71: Draw off taps; stop valves; copper alloy to BS 5154 or BS 1010 | G71: =F71*E71 -> 0
B72: K | C72: 13mmØ stop valve | D72: No | E72: 21 | G72: =F72*E72 -> 0
B73: L | C73: 13mm Ø bib taps Chrome plated | D73: No | E73: 21 | G73: =F73*E73 -> 0
B74: M | C74: 13mm angle valves | D74: No | E74: 8 | G74: =F74*E74 -> 0
B75: N | C75: Provision for wastebin for waste collection in the MHM room | D75: No | E75: 2 | G75: =F75*E75 -> 0
C77: Water connection to WASH
C78: 25mmØ PN 16 communication pipe HDPE to trench connecting water to building from supply pipe from tank raiser. Including all fittings ( neeples, elbows, reducers etc). | D78: Item | E78: 1 | G78: =F78*E78 -> 0
G79: =F79*E79 -> 0
C80: FOUL WATER DRAINAGE | G80: =F80*E80 -> 0
C81: MANHOLE AND GULLY TRAP | G81: =F81*E81 -> 0
B82: P | C82: Construct a masonry manhole size 600 x x600mm average depth 600mm with fired bricks, mortar ratio 1:3 | D82: No | E82: 7 | G82: =F82*E82 -> 0
B83: Q | C83: Construct a standard gully trap chambers with internal dimensions of 300x300mm by 300mm deep using burnt bricks | D83: No | E83: 10 | G83: =F83*E83 -> 0
G84: =F84*E84 -> 0
C85: Soak way pit | G85: =F85*E85 -> 0
B86: R | C86: Construct complete soak away pit, size 3m diam with 3.5m depth, including excavation, perforated brick wall, pipe 4" connection, vent pipe 4",Y12 150 C/C top and bottom face reinforced concrete slab 150mm thick, formwork, precast concrete cover 450 x 450mm | D86: LS | E86: 1 | F86: N/A
C87: Construct C20 concrete cover for manhole chamber 600mmx 600mm reinforced with 4mm BRC | D87: No | E87: 1 | G87: =F87*E87 -> 0
G88: =F88*E88 -> 0
C89: Septic Tank | G89: =F89*E89 -> 0
B90: S | C90: Allow for construction of faul water septic tank of internal dimension 5000Lx2000Wx3000D mm, of capacity 17,280Litres complete , Y12 150 c/c bottom face reinforced concrete grade 20 , formwork and other associated accessories | D90: LS | E90: 1 | F90: N/A
C91: Construct C20 concrete cover for manhole chamber 600mmx 600mm reinforced with 4mm BRC | D91: No | E91: 4 | G91: =F91*E91 -> 0
B92: T | C92: Allow for connection of all plumbing system from WC to man holes to septic tanks (all pipes are already priced above) | D92: Item | E92: 1 | G92: =F92*E92 -> 0
C94: TOTAL PLUMBING AND SANITARY ISTALLATION | G94: =SUM(G49:G93) -> 0
B96: 3 | C96: DHOBI SINK | G96: =F96*E96 -> 0 | O96: 0.7 | P96: =O96*E96 -> 0
B97: A | C97: (60% completed already constructed and plastered the remaining works are terrazzo finishing and ancillaries fixing) Construct a (1:2:4) 6mm BRC reinforced concrete wash basin with a 600mm x 400mm width by 350mm depth internal dimension, and provide a 50mm diameter water outlet hole provided with trap and screener, 100mm concrete partition wall between one wash basin to another same for slab. Top-level of wash basin from floor is 750mm, it will be casted on top of brick wall, includes formworks, bottle trap, drainers and necessary accessories; ( it will be used as hand wash basin as well) | D97: m3 | E97: 3.7 | G97: =F97*E97 -> 0 | O97: 0.7
G98: =F98*E98 -> 0 | O98: 0.7 | P98: =O98*E98 -> 0
C99: (T&L) TOTAL DHOBI SINKS | G99: =SUM(G97:G98) -> 0
C101: SUB SUMMARY - TOILET
C103: (T&L) TOTAL FOUNDATION AND WALLING | G103: =G12 -> 0
C105: TOTAL DHOBI SINK | G105: =G99 -> 0
C107: (T&L) TOTAL DOORS | G107: =G26 -> 0
C109: (T&L) TOTAL WINDOW | G109: =G31 -> 0
C111: (T&L) TOTAL FINISHING | G111: =G45 -> 0
C113: =C94 -> TOTAL PLUMBING AND SANITARY ISTALLATION | G113: =G94 -> 0
C115: SUM TOILET AND LAUNDRY | G115: =SUM(G103:G114) -> 0
F117: 0 | G117: =F117*E117 -> 0
C118: WATER TOWER/ TANK RISER | F118: 0 | G118: =F118*E118 -> 0
B119: A | C119: Site cleance and excavation of foundations | D119: m3 | E119: 13 | G119: =F119*E119 -> 0
B120: B | C120: Supply and cast RC concrete base mix ratio 1:2:4, 7Y16-200 c/c B1 and 7Y16-200 c/c B2- use cement 42.5Nmm2 , including formworks | D120: m3 | E120: =2*2*0.4*6 -> 9.6 | G120: =F120*E120 -> 0
B121: C | C121: Fix formworks and cast six (6) reinforced concrete columns, column footings of 1.3mx1.3m, having 4Y16 main bars, Y8-150mm c/c stirrups. | D121: m3 | E121: 7 | G121: =F121*E121 -> 0
...

Sheet RUHITA
A2: Bill of Quantities For the Completion of remaining works for a WASH facility at Ruhita Secondary School Note: Pre executed quantities will not be paid.
B3: RUHITA WASH
A4: S/No | B4: Item | C4: Unit | D4: Qty | E4: Rate (EURO) | F4: Total (EURO)
B5: This Wash facility is at the finishing level with few works to be completed. The contractor is required to fill relevant market prices for works completion. | E5: 0 | F5: =E5*D5 -> 0
B7: RAMPS (total of 2 ramps)
A8: A | B8: Foundation: Construct a 300mm thick stone masonry wall | C8: m3 | D8: 8 | F8: =D8*E8 -> 0
A9: B | B9: 400 mm thick hard core | C9: m2 | D9: 9 | F9: =D9*E9 -> 0
A10: C | B10: 100 mm thick, Plain concrete slab grade 15 | C10: m2 | D10: 9 | F10: =D10*E10 -> 0
B12: TOTAL FOUNDATION AND WALLING | F12: =SUM(F8:F11) -> 0
A14: 4 | B14: DOORS | E14: 0 | F14: =E14*D14 -> 0
B15: Doors Shutter Prime quality hardwood paneled doors mninga or other equal and approved hardwood 45mm Thick panelled single door Mahogany timber finish, comprising of 45 x 150mm top and middle rails, 45 x 150mm stiles and 45 x 200 bottom rail, panels filled in with and including 35mm thick moulded boarding tongued and grooved all round rails. fix using heavy duty three hinges of 4" per door Including Supply and fix the following "UNION" make or other equal and approved iron-mongery To softwood, hardwood or the like; fixing with screws ;- 3-Lever Mortise lock with furniture, Toiles and Bathroom lock with indicating bolt, 100mm Brass butt hinges | F15: =E15*D15 -> 0
A16: A | B16: Ditto 800 x 2000mm high. ( toilets and changing room) | C16: No | D16: 11 | F16: =E16*D16 -> 0
A17: B | B17: Supply and install a 1050 mm × 2000 mm high door for the Persons with Disabilities (PWD) toilet, complete with frame, ironmongery, and all necessary fixing accessories. The door shall be of solid construction, without ventilation openings, glazing, or burglar bars. The door leaf shall be hung on 100mm long three heavy-duty double-swing hinges, fixed at three equally spaced points to the frame, allowing the door to swing in both directions. The double-swing arrangement shall enable wheelchair users to open the door by pushing from either side, facilitating ease of access and compliance with accessibility requirements. Installation shall include all locks, handles, door stops, and fittings required for a complete and functional door assembly, in accordance with the approved drawings, specifications, and the Engineer's instructions. | C17: No | D17: 1 | F17: =E17*D17 -> 0
A18: C | B18: Metal door 1500x2000mm high ( at main entrance). Frame should be fixed to walls by using 8mm diameter fisher bolts of 150mm long fix at four points for each door frame jambs.- as per consultant aproval | C18: No | D18: 1 | F18: =E18*D18 -> 0
A19: D | B19: Metal door 900x2000mm high ( at incinerator area ). Frame should be fixed to walls by using 8mm diameter fisher bolts of 150mm long fix at four points for each door frame jambs.- as per consultant aproval | C19: No | D19: 1 | F19: =E19*D19 -> 0
F21: =E21*D21 -> 0
B22: Supply and fix Door frames: Hardwood mininga or other equal and approved hardwood. Door frame Fixing: must use 4 pcs 8 mm diameter, 6” long fisher bolts per frame (fixed at jambs). | F22: =E22*D22 -> 0
A23: E | B23: Ditto 850x2800mm high (Changing room and incinerator) | C23: No | D23: 1 | F23: =E23*D23 -> 0
A24: F | B24: 850x2000mm , high no vents, no glass, no buglar bars ( for Toilets) | C24: No | D24: 10 | F24: =E24*D24 -> 0
A25: G | B25: 1050x2000mm high no vents, no glass, no buglar bars ( for Toilets-PWD) | C25: No | D25: 1 | F25: =E25*D25 -> 0
B27: (T&L) TOTAL DOORS | F27: =SUM(F16:F26) -> 0
B29: WINDOWS | F29: =E29*D29 -> 0
A30: A | B30: Supply and fix painted metal windows of 1 inch pipe sized for 1000x600 High ( Toilet) complete with galvanized wire mesh, including all necessary frames, fixings, painting/coating, and installation as specified | C30: No | D30: 12 | F30: =E30*D30 -> 0
B32: (T&L) TOTAL WINDOW | F32: =SUM(F29:F30) -> 0
B34: FINISHING WORKS & DECORATION | F34: =E34*D34 -> 0
A35: 6 | B35: Finishing | F35: =E35*D35 -> 0
A36: A | B36: Plastering 25mm thick 1:3 cement sand to foundation wall and to internal walls | C36: m2 | D36: 30 | F36: =E36*D36 -> 0
A37: B | B37: water proof plaster in inernal toilet walls and terrazzo to laundry and Around dhobi sinks | C37: m2 | D37: 69.16 | E37: N/A
B38: Skim ineranl walls with water proof cement slurry mixed with cream color pigments to toilet rooms 1.5m high up to window level | C38: m2 | D38: 100 | F38: =E38*D38 -> 0
A39: C | B39: Carefully finish the terrazzo works by scrubing and polishing Terrazzo floor incl 150mm high skirtings to an acceptable work and client's satisfaction. ( Terrazzo is existing it only needs to be well scrubbed and polished) | C39: m2 | D39: 91 | F39: =E39*D39 -> 0
A40: D | B40: 50mm thick Terrazzo finishing to Dobhi sinks | C40: m2 | D40: 35 | F40: =E40*D40 -> 0
A41: D | B41: Vanish exernal ISSB wall | C41: m2 | D41: 80.29 | F41: =E41*D41 -> 0
A42: E | B42: Repeat Painting one coats of bituminous paint to foundation walls, internal walls and to beams. | C42: m2 | D42: 31.08 | F42: =E42*D42 -> 0
A43: F | B43: Painting three coats of brown bituminous paint to trusses and white color to fascia board | C43: Item | D43: 1 | F43: =E43*D43 -> 0
A44: G | B44: Supply and fix 150 mm thick concrete coping (RC grade 20 including formwork use 4Y12 and Y8-200c/c), weathered and throated, with bevelled fair-faced exposed surfaces, hoisted into position and bedded and pointed in 1:3 cement:sand mortar. The coping shall incorporate a 75 mm overhang on both sides of the wall and a 10 mm deep continuous drip groove beneath each overhang to prevent water from tracking onto the wall faces. The top surface shall be smooth and weathered with a minimum 0.5% cross fall to shed water away from the wall. All exposed surfaces shall be true, level, and free from defects, complete in accordance with the drawings and the Engineer's instructions. | C44: m | D44: 6 | F44: =E44*D44 -> 0
B46: (T&L) TOTAL FINISHING | F46: =SUM(F36:F45) -> 0
B48: PLUMBING AND SANITARY INSTALLATION
B49: Supply and install and test ; Plumbing | F49: =E49*D49 -> 0
A50: A | B50: Wall-Hung Wash Hand Basin Supply and install a 420 × 510 mm white vitreous china wall-hung wash hand basin, complete with 12 mm pillar taps, 32 mm chromium-plated chain waste, 32 mm plastic bottle trap, concealed brackets, fixing clamps, and all necessary accessories. Install in the changing/women's room and disabled toilet room as shown on the drawings. The basin shall be securely fixed to the wall using approved brass screws and concealed supports, with no floor support. All plumbing pipework and fittings shall be enclosed within a neat casing to conceal them from view. The installation shall include all plumbing connections, sealing, testing, and commissioning, complete in accordance with the drawings and the Engineer's instructions. | C50: No | D50: 2 | F50: =E50*D50 -> 0
A51: B | B51: Supply and install a complete disabled toilet suite, comprising an accessible floor-mounted vitreous china washdown WC pan with matching close-coupled or low-level cistern, a wash hand basin, 4 No. stainless steel grab rails, and 1 No. adjustable folding support rail, complete with all brackets, fixings, pipework connections, and accessories required for a complete installation. The WC pan shall be specifically designed for disabled access applications, with a seat height of approximately 450-480 mm above finished floor level, complete with heavy-duty toilet seat and cover. All grab rails and the folding support rail shall be manufactured from Grade SS304 stainless steel. The folding support rail shall extend at least 100 mm beyond the front edge of the WC pan to provide adequate support during transfer and use. The suite shall be of RAK Ceramics manufacture or approved equivalent and shall include all necessary fittings, fixing accessories, testing, and commissioning. Installation shall comply with the approved drawings, accessibility requirements, manufacturer's recommendations, and the Engineer's instructions. | C51: No | D51: 1 | F51: =E51*D51 -> 0
A52: D | B52: 80mm Diameter high quality plastic floor drain trap built in concrete bed | C52: No | D52: 12 | F52: =E52*D52 -> 0
A53: E | B53: 6mm silver mirror, lead backed, size 450 x600mm with arise edges fixed to wall with mirror screws | C53: No | D53: 4 | F53: =E53*D53 -> 0
A54: F | B54: 20mmØ Chromium plated towel single rail, 600mm long | C54: No | D54: 5 | F54: =E54*D54 -> 0
A55: I | B55: 100mm long soap holder (PVC), plugged and screwed to brick wall | C55: No | D55: 5 | F55: =E55*D55 -> 0
F56: =E56*D56 -> 0
B57: B: WASTE AND VENT PIPES | F57: =E57*D57 -> 0
B58: UPVC pipes: class 'C' | F58: =E58*D58 -> 0
A59: A | B59: 38mmØ; chase in block in concrete slab. | C59: m | D59: 20 | F59: =E59*D59 -> 0
A60: B | B60: Ditto: Equal tee | C60: No | D60: 10 | F60: =E60*D60 -> 0
A61: C | B61: Ditto; plain elbow | C61: No | D61: 6 | F61: =E61*D61 -> 0
A62: D | B62: Ditto; plugged elbow | D62: 6 | F62: =E62*D62 -> 0
F63: =E63*D63 -> 0
B64: C: SOIL AND PIPES | F64: =E64*D64 -> 0
A65: E | B65: UPVC pipes and fittings: Class 'C' | F65: =E65*D65 -> 0
A66: F | B66: 100mmØ pipe fixed to walls | C66: m | D66: 9 | F66: =E66*D66 -> 0
A67: G | B67: Ditto; laid in trenches. | C67: m | D67: 32 | F67: =E67*D67 -> 0
A68: H | B68: Ditto; plugged bend 90˚. | C68: No | D68: 10 | F68: =E68*D68 -> 0
A69: J | B69: Ditto; plain bend 90˚. | C69: No | D69: 10 | F69: =E69*D69 -> 0
F70: =E70*D70 -> 0
B71: D: Ancillaries: | F71: =E71*D71 -> 0
B72: Draw off taps; stop valves; copper alloy to BS 5154 or BS 1010 | F72: =E72*D72 -> 0
A73: K | B73: 13mmØ stop valve | C73: No | D73: 21 | F73: =E73*D73 -> 0
A74: L | B74: 13mm Ø bib taps Chrome plated | C74: No | D74: 21 | F74: =E74*D74 -> 0
A75: M | B75: 13mm angle valves | C75: No | D75: 8 | F75: =E75*D75 -> 0
A76: N | B76: Provision for wastebin for waste collection in the MHM room | C76: No | D76: 2 | F76: =E76*D76 -> 0
B78: Water connection to WASH
B79: 25mmØ PN 16 communication pipe HDPE to trench connecting water to building from supply pipe from tank raiser. Including all fittings ( neeples, elbows, reducers etc). | C79: Item | D79: 1 | F79: =E79*D79 -> 0
F80: =E80*D80 -> 0
B81: FOUL WATER DRAINAGE | F81: =E81*D81 -> 0
B82: MANHOLE AND GULLY TRAP | F82: =E82*D82 -> 0
A83: P | B83: Construct a masonry manhole size 600 x x600mm average depth 600mm with fired bricks, mortar ratio 1:3 | C83: No | D83: 7 | F83: =E83*D83 -> 0
A84: Q | B84: Construct a standard gully trap chambers with internal dimensions of 300x300mm by 300mm deep using burnt bricks | C84: No | D84: 10 | F84: =E84*D84 -> 0
F85: =E85*D85 -> 0
F86: =E86*D86 -> 0
B87: Soak way pit | F87: =E87*D87 -> 0
B88: Construct C20 concrete cover for manhole chamber 600mmx 600mm reinforced with 4mm BRC | C88: No | D88: 1 | F88: =E88*D88 -> 0
F89: =E89*D89 -> 0
B90: Septic Tank | F90: =E90*D90 -> 0
B91: Construct C20 concrete cover for manhole chamber 600mmx 600mm reinforced with 4mm BRC | C91: No | D91: 4 | F91: =E91*D91 -> 0
A92: T | B92: Allow for connection of all plumbing system from WC to man holes to septic tanks (all pipes are already priced above) | C92: Item | D92: 1 | F92: =E92*D92 -> 0
B94: TOTAL PLUMBING AND SANITARY INSTALLATION | F94: =SUM(F50:F93) -> 0
A96: 3 | B96: DHOBI SINK | F96: =E96*D96 -> 0 | N96: 0.7 | O96: =N96*D96 -> 0
A97: A | B97: (60% completed already constructed and plastered the remaining works are terrazzo finishing and ancillaries fixing) Construct a (1:2:4) 6mm BRC reinforced concrete wash basin with a 600mm x 400mm width by 350mm depth internal dimension, and provide a 50mm diameter water outlet hole provided with trap and screener, 100mm concrete partition wall between one wash basin to another same for slab. Top-level of wash basin from floor is 750mm, it will be casted on top of brick wall, includes formworks, bottle trap, drainers and necessary accessories; ( it will be used as hand wash basin as well) | C97: m3 | D97: 3.7 | F97: =E97*D97 -> 0 | N97: 0.7
F98: =E98*D98 -> 0 | N98: 0.7 | O98: =N98*D98 -> 0
B99: (T&L) TOTAL DHOBI SINKS | F99: =SUM(F97:F98) -> 0
B101: SUB SUMMARY - TOILET
B103: (T&L) TOTAL FOUNDATION AND WALLING | F103: =F12 -> 0
B106: TOTAL DHOBI SINK | F106: =F99 -> 0
B108: (T&L) TOTAL DOORS | F108: =F27 -> 0
B110: (T&L) TOTAL WINDOW | F110: =F32 -> 0
B112: (T&L) TOTAL FINISHING | F112: =F46 -> 0
B114: =B94 -> TOTAL PLUMBING AND SANITARY INSTALLATION | F114: =F94 -> 0
B116: SUM TOILET AND LAUNDRY | F116: =SUM(F102:F115) -> 0
E117: 0 | F117: =E117*D117 -> 0
E118: 0 | F118: =E118*D118 -> 0
B119: WATER TOWER/ TANK RISER | E119: 0 | F119: =E119*D119 -> 0
A120: A | B120: Site cleance and excavation of foundations | C120: m3 | D120: 13 | F120: =E120*D120 -> 0
A121: B | B121: Supply and cast RC concrete base mix ratio 1:2:4, 7Y16-200 c/c B1 and 7Y16-200 c/c B2- use cement 42.5Nmm2 , including formworks | C121: m3 | D121: =2*2*0.4*6 -> 9.6 | F121: =E121*D121 -> 0
A122: C | B122: Fix formworks and cast six (6) reinforced concrete columns, column footings of 1.3mx1.3m, having 6Y16 main bars, Y8-150mm c/c stirrups. total height of collumns from base to roof slab is 6.5m(it may vary), from ground level to roof level height is 5m | C122: m3 | D122: 11 | F122: =E122*D122 -> 0
A123: D | B123: 400mm thick stone masonry foundation wall with average of 1.5m deep (depth may vary) | C123: m2 | D123: 46 | F123: =E123*D123 -> 0
...

Sheet NYANSHA
B2: Bill of Quantities For the Completion of remaining works for a WASH facility at Nyansha Sec School in Kasulu TC Note: Pre executed quantities will not be paid.
C3: NYANSHA WASH
B4: S/No | C4: Item | D4: Unit | E4: Qty | F4: Rate (EURO) | G4: Total (EURO)
C5: This Wash facility is at the finishing level with few works to be completed. The contractor is required to fill relevant market prices for works completion. | F5: 0 | G5: =F5*E5 -> 0
C7: RAMPS (total of 2 ramps)
B8: A | C8: Foundation: Construct a 300mm thick stone masonry wall | D8: m3 | E8: 8 | G8: =E8*F8 -> 0
B9: B | C9: 400 mm thick hard core | D9: m2 | E9: 9 | G9: =E9*F9 -> 0
B10: C | C10: 100 mm thick, Plain concrete slab grade 15 | D10: m2 | E10: 9 | G10: =E10*F10 -> 0
C12: TOTAL FOUNDATION AND WALLING | G12: =SUM(G8:G11) -> 0
B14: 4 | C14: DOORS | F14: 0 | G14: =F14*E14 -> 0
C15: Doors Shutter Prime quality hardwood paneled doors mninga or other equal and approved hardwood 45mm Thick panelled single door Mahogany timber finish, comprising of 45 x 150mm top and middle rails, 45 x 150mm stiles and 45 x 200 bottom rail, panels filled in with and including 35mm thick moulded boarding tongued and grooved all round rails. fix using heavy duty three hinges of 4" per door Including Supply and fix the following "UNION" make or other equal and approved iron-mongery To softwood, hardwood or the like; fixing with screws ;- 3-Lever Mortise lock with furniture, Toiles and Bathroom lock with indicating bolt, 100mm Brass butt hinges | G15: =F15*E15 -> 0
B16: A | C16: Ditto 800 x 2000mm high. ( toilets and changing room) | D16: No | E16: 11 | G16: =F16*E16 -> 0
B17: B | C17: Supply and install a 1050 mm × 2000 mm high door for the Persons with Disabilities (PWD) toilet, complete with frame, ironmongery, and all necessary fixing accessories. The door shall be of solid construction, without ventilation openings, glazing, or burglar bars. The door leaf shall be hung on 100mm long three heavy-duty double-swing hinges, fixed at three equally spaced points to the frame, allowing the door to swing in both directions. The double-swing arrangement shall enable wheelchair users to open the door by pushing from either side, facilitating ease of access and compliance with accessibility requirements. Installation shall include all locks, handles, door stops, and fittings required for a complete and functional door assembly, in accordance with the approved drawings, specifications, and the Engineer's instructions. | D17: No | E17: 1 | G17: =F17*E17 -> 0
B18: C | C18: Metal door 1500x2000mm high ( at main entrance). Frame should be fixed to walls by using 8mm diameter fisher bolts of 150mm long fix at four points for each door frame jambs.- as per consultant aproval | D18: No | E18: 1 | G18: =F18*E18 -> 0
B19: D | C19: Metal door 900x2000mm high ( at incinerator area ). Frame should be fixed to walls by using 8mm diameter fisher bolts of 150mm long fix at four points for each door frame jambs.- as per consultant aproval | D19: No | E19: 1 | G19: =F19*E19 -> 0
G21: =F21*E21 -> 0
C22: Supply and fix Door frames: Hardwood mininga or other equal and approved hardwood. Door frame Fixing: must use 4 pcs 8 mm diameter, 6” long fisher bolts per frame (fixed at jambs). | G22: =F22*E22 -> 0
B23: E | C23: Ditto 850x2800mm high (Changing room and incinerator) | D23: No | E23: 1 | G23: =F23*E23 -> 0
B24: F | C24: 850x2000mm , high no vents, no glass, no buglar bars ( for Toilets) | D24: No | E24: 10 | G24: =F24*E24 -> 0
B25: G | C25: 1050x2000mm high no vents, no glass, no buglar bars ( for Toilets-PWD) | D25: No | E25: 1 | G25: =F25*E25 -> 0
C27: (T&L) TOTAL DOORS | G27: =SUM(G15:G26) -> 0
C29: WINDOWS | G29: =F29*E29 -> 0
B30: A | C30: Supply and fix painted metal windows of 1 inch pipe sized for 1000x600 High ( Toilet) complete with galvanized wire mesh, including all necessary frames, fixings, painting/coating, and installation as specified | D30: No | E30: 12 | G30: =F30*E30 -> 0
C32: (T&L) TOTAL WINDOW | G32: =SUM(G29:G30) -> 0
G33: =F33*E33 -> 0
C34: FINISHING WORKS & DECORATION | G34: =F34*E34 -> 0
B35: 6 | C35: Finishing | G35: =F35*E35 -> 0
B36: A | C36: Plastering 25mm thick 1:3 cement sand to foundation wall and to internal walls | D36: m2 | E36: 30 | G36: =F36*E36 -> 0
B37: B | C37: water proof plaster in inernal toilet walls and terrazzo to laundry and Around dhobi sinks | D37: m2 | E37: 69.16 | F37: N/A
C38: Skim ineranl walls with water proof cement slurry mixed with cream color pigments to toilet rooms 1.5m high up to window level | D38: m2 | E38: 100 | G38: =F38*E38 -> 0
B39: C | C39: Carefully finish the terrazzo works by scrubing and polishing Terrazzo floor incl 150mm high skirtings to an acceptable work and client's satisfaction. ( Terrazzo is existing it only needs to be well scrubbed and polished) | D39: m2 | E39: 91 | G39: =F39*E39 -> 0
B40: D | C40: 50mm thick Terrazzo finishing to Dgobhi sinks | D40: m2 | E40: 35 | G40: =F40*E40 -> 0
B41: D | C41: Vanish exernal ISSB wall | D41: m2 | E41: 80.29 | G41: =F41*E41 -> 0
B42: E | C42: Repeat Painting one coats of bituminous paint to foundation walls, internal walls and to beams. | D42: m2 | E42: 31.08 | G42: =F42*E42 -> 0
B43: F | C43: Painting three coats of brown bituminous paint to trusses and white color to fascia board | D43: Item | E43: 1 | G43: =F43*E43 -> 0
B44: G | C44: Supply and fix 150 mm thick concrete coping (RC grade 20 including formwork use 4Y12 and Y8-200c/c), weathered and throated, with bevelled fair-faced exposed surfaces, hoisted into position and bedded and pointed in 1:3 cement:sand mortar. The coping shall incorporate a 75 mm overhang on both sides of the wall and a 10 mm deep continuous drip groove beneath each overhang to prevent water from tracking onto the wall faces. The top surface shall be smooth and weathered with a minimum 0.5% cross fall to shed water away from the wall. All exposed surfaces shall be true, level, and free from defects, complete in accordance with the drawings and the Engineer's instructions. | D44: m | E44: 6 | G44: =F44*E44 -> 0
C46: (T&L) TOTAL FINISHING | G46: =SUM(G36:G45) -> 0
C48: PLUMBING AND SANITARY INSTALLATION
C49: Supply and install and test ; Plumbing | G49: =F49*E49 -> 0
B50: A | C50: Wall-Hung Wash Hand Basin Supply and install a 420 × 510 mm white vitreous china wall-hung wash hand basin, complete with 12 mm pillar taps, 32 mm chromium-plated chain waste, 32 mm plastic bottle trap, concealed brackets, fixing clamps, and all necessary accessories. Install in the changing/women's room and disabled toilet room as shown on the drawings. The basin shall be securely fixed to the wall using approved brass screws and concealed supports, with no floor support. All plumbing pipework and fittings shall be enclosed within a neat casing to conceal them from view. The installation shall include all plumbing connections, sealing, testing, and commissioning, complete in accordance with the drawings and the Engineer's instructions. | D50: No | E50: 2 | G50: =F50*E50 -> 0
B51: B | C51: (Squatting -White vitreous asian type W.C already installed) Supply and install 9 litres capacity cistern with cover, 12mm BSS high pressure ball valve, plastic syphon fitting, side supply and overflow set. Castleware/ Arrow brand or equivalent approved by the consultant before purchasing and fixing. | D51: No | E51: 11 | F51: NA
B52: C | C52: Supply and install a complete disabled toilet suite, comprising an accessible floor-mounted vitreous china washdown WC pan with matching close-coupled or low-level cistern, a wash hand basin, 4 No. stainless steel grab rails, and 1 No. adjustable folding support rail, complete with all brackets, fixings, pipework connections, and accessories required for a complete installation. The WC pan shall be specifically designed for disabled access applications, with a seat height of approximately 450-480 mm above finished floor level, complete with heavy-duty toilet seat and cover. All grab rails and the folding support rail shall be manufactured from Grade SS304 stainless steel. The folding support rail shall extend at least 100 mm beyond the front edge of the WC pan to provide adequate support during transfer and use. The suite shall be of RAK Ceramics manufacture or approved equivalent and shall include all necessary fittings, fixing accessories, testing, and commissioning. Installation shall comply with the approved drawings, accessibility requirements, manufacturer's recommendations, and the Engineer's instructions. | D52: No | E52: 1 | G52: =F52*E52 -> 0
B53: D | C53: 80mm Diameter high quality plastic floor drain trap built in concrete bed | D53: No | E53: 12 | G53: =F53*E53 -> 0
B54: E | C54: 6mm silver mirror, lead backed, size 450 x600mm with arise edges fixed to wall with mirror screws | D54: No | E54: 4 | G54: =F54*E54 -> 0
B55: F | C55: 20mmØ Chromium plated towel single rail, 600mm long | D55: No | E55: 5 | G55: =F55*E55 -> 0
B56: I | C56: 100mm long soap holder (PVC), plugged and screwed to brick wall | D56: No | E56: 5 | G56: =F56*E56 -> 0
G57: =F57*E57 -> 0
C58: B: WASTE AND VENT PIPES | G58: =F58*E58 -> 0
C59: UPVC pipes: class 'C' | G59: =F59*E59 -> 0
B60: A | C60: 38mmØ; chase in block in concrete slab. | D60: m | E60: 20 | G60: =F60*E60 -> 0
B61: B | C61: Ditto: Equal tee | D61: No | E61: 10 | G61: =F61*E61 -> 0
B62: C | C62: Ditto; plain elbow | D62: No | E62: 6 | G62: =F62*E62 -> 0
B63: D | C63: Ditto; plugged elbow | E63: 6 | G63: =F63*E63 -> 0
G64: =F64*E64 -> 0
C65: C: SOIL AND PIPES | G65: =F65*E65 -> 0
B66: E | C66: UPVC pipes and fittings: Class 'C' | G66: =F66*E66 -> 0
B67: F | C67: 100mmØ pipe fixed to walls | D67: m | E67: 9 | G67: =F67*E67 -> 0
B68: G | C68: Ditto; laid in trenches. | D68: m | E68: 32 | G68: =F68*E68 -> 0
B69: H | C69: Ditto; plugged bend 90˚. | D69: No | E69: 10 | G69: =F69*E69 -> 0
B70: J | C70: Ditto; plain bend 90˚. | D70: No | E70: 10 | G70: =F70*E70 -> 0
G71: =F71*E71 -> 0
C72: D: Ancillaries: | G72: =F72*E72 -> 0
C73: Draw off taps; stop valves; copper alloy to BS 5154 or BS 1010 | G73: =F73*E73 -> 0
B74: K | C74: 13mmØ stop valve | D74: No | E74: 21 | G74: =F74*E74 -> 0
B75: L | C75: 13mm Ø bib taps Chrome plated | D75: No | E75: 21 | G75: =F75*E75 -> 0
B76: M | C76: 13mm angle valves | D76: No | E76: 8 | G76: =F76*E76 -> 0
B77: N | C77: Provision for wastebin for waste collection in the MHM room | D77: No | E77: 2 | G77: =F77*E77 -> 0
C79: Water connection to WASH
B80: O | C80: 25mmØ PN 16 communication pipe HDPE to trench connecting water to building from supply pipe from tank raiser. Including all fittings ( neeples, elbows, reducers etc). | D80: Item | E80: 1 | G80: =F80*E80 -> 0
G81: =F81*E81 -> 0
C82: FOUL WATER DRAINAGE | G82: =F82*E82 -> 0
C83: MANHOLE AND GULLY TRAP | G83: =F83*E83 -> 0
B84: P | C84: Construct a masonry manhole size 600 x x600mm average depth 600mm with fired bricks, mortar ratio 1:3 | D84: No | E84: 7 | G84: =F84*E84 -> 0
B85: Q | C85: Construct a standard gully trap chambers with internal dimensions of 300x300mm by 300mm deep using burnt bricks | D85: No | E85: 10 | G85: =F85*E85 -> 0
G86: =F86*E86 -> 0
G87: =F87*E87 -> 0
C88: Soak way pit | G88: =F88*E88 -> 0
B89: R | C89: Construct complete soak away pit, size 3m diam with 3.5m depth, including excavation, perforated brick wall, pipe 4" connection, vent pipe 4",Y12 150 C/C top and bottom face reinforced concrete slab 150mm thick, formwork, precast concrete cover 450 x 450mm | D89: LS | E89: 1 | G89: =F89*E89 -> 0
C90: Construct C20 concrete cover for manhole chamber 600mmx 600mm reinforced with 4mm BRC | D90: No | E90: 1 | G90: =F90*E90 -> 0
G91: =F91*E91 -> 0
C92: Septic Tank | G92: =F92*E92 -> 0
B93: S | C93: Allow for construction of faul water septic tank of internal dimension 5000Lx2000Wx3000D mm, of capacity 17,280Litres complete , Y12 150 c/c bottom face reinforced concrete grade 20 , formwork and other associated accessories | D93: LS | E93: 1 | G93: =F93*E93 -> 0
C94: Construct C20 concrete cover for manhole chamber 600mmx 600mm reinforced with 4mm BRC | D94: No | E94: 4 | G94: =F94*E94 -> 0
B95: T | C95: Allow for connection of all plumbing system from WC to man holes to septic tanks (all pipes are already priced above) | D95: Item | E95: 1 | G95: =F95*E95 -> 0
C97: TOTAL PLUMBING AND SANITARY INSTALLATION | G97: =SUM(G50:G96) -> 0
B99: 3 | C99: DHOBI SINK | G99: =F99*E99 -> 0 | O99: 0.7 | P99: =O99*E99 -> 0
B100: A | C100: (60% completed already constructed and plastered the remaining works are terrazzo finishing and ancillaries fixing) Construct a (1:2:4) 6mm BRC reinforced concrete wash basin with a 600mm x 400mm width by 350mm depth internal dimension, and provide a 50mm diameter water outlet hole provided with trap and screener, 100mm concrete partition wall between one wash basin to another same for slab. Top-level of wash basin from floor is 750mm, it will be casted on top of brick wall, includes formworks, bottle trap, drainers and necessary accessories; ( it will be used as hand wash basin as well) | D100: m3 | E100: 3.7 | G100: =F100*E100 -> 0 | O100: 0.7
G101: =F101*E101 -> 0 | O101: 0.7 | P101: =O101*E101 -> 0
C102: (T&L) TOTAL DHOBI SINKS | G102: =SUM(G100:G101) -> 0
C104: SUB SUMMARY - TOILET
C106: (T&L) TOTAL FOUNDATION AND WALLING | G106: =G12 -> 0
C108: (T&L) TOTAL ROOFING
C110: TOTAL DHOBI SINK | G110: =G102 -> 0
C112: (T&L) TOTAL DOORS | G112: =G27 -> 0
C114: (T&L) TOTAL WINDOW | G114: =G32 -> 0
C116: (T&L) TOTAL FINISHING | G116: =G46 -> 0
C118: =C97 -> TOTAL PLUMBING AND SANITARY INSTALLATION | G118: =G97 -> 0
G119: =F119*E119 -> 0
C120: SUM TOILET AND LAUNDRY | G120: =SUM(G106:G119) -> 0
F121: 0 | G121: =F121*E121 -> 0
...

Sheet KIGODYA
B2: Bill of Quantities For the Completion of remaining works for a WASH facility at Kigodya Secondary School Note: Pre executed quantities will not be paid.
C3: KIGODYA WASH
B4: S/No | C4: Item | D4: Unit | E4: Qty | F4: Rate (EURO) | G4: Total (EURO)
C5: This Wash facility is at the finishing level with few works to be completed. The contractor is required to fill relevant market prices for works completion. | F5: 0 | G5: =F5*E5 -> 0
C7: RAMPS (total of 2 ramps)
B8: A | C8: Foundation: Construct a 300mm thick stone masonry wall | D8: m3 | E8: 8 | G8: =E8*F8 -> 0
B9: B | C9: 400 mm thick hard core | D9: m2 | E9: 9 | G9: =E9*F9 -> 0
B10: C | C10: 100 mm thick, Plain concrete slab grade 15 | D10: m2 | E10: 9 | G10: =E10*F10 -> 0
C12: SUBSTRUCTURE | G12: =SUM(G8:G11) -> 0
B15: 4 | C15: DOORS | F15: 0 | G15: =F15*E15 -> 0
C16: Doors Shutter Prime quality hardwood paneled doors mninga or other equal and approved hardwood 45mm Thick panelled single door Mahogany timber finish, comprising of 45 x 150mm top and middle rails, 45 x 150mm stiles and 45 x 200 bottom rail, panels filled in with and including 35mm thick moulded boarding tongued and grooved all round rails. fix using heavy duty three hinges of 4" per door Including Supply and fix the following "UNION" make or other equal and approved iron-mongery To softwood, hardwood or the like; fixing with screws ;- 3-Lever Mortise lock with furniture, Toiles and Bathroom lock with indicating bolt, 100mm Brass butt hinges | G16: =F16*E16 -> 0
B17: A | C17: Ditto 800 x 2000mm high. ( toilets and changing room) | D17: No | E17: 11 | G17: =F17*E17 -> 0
B18: B | C18: Supply and install a 1050 mm × 2000 mm high door for the Persons with Disabilities (PWD) toilet, complete with frame, ironmongery, and all necessary fixing accessories. The door shall be of solid construction, without ventilation openings, glazing, or burglar bars. The door leaf shall be hung on 100mm long three heavy-duty double-swing hinges, fixed at three equally spaced points to the frame, allowing the door to swing in both directions. The double-swing arrangement shall enable wheelchair users to open the door by pushing from either side, facilitating ease of access and compliance with accessibility requirements. Installation shall include all locks, handles, door stops, and fittings required for a complete and functional door assembly, in accordance with the approved drawings, specifications, and the Engineer's instructions. | D18: No | E18: 1 | G18: =F18*E18 -> 0
B19: C | C19: Metal door 1500x2000mm high ( at main entrance). Frame should be fixed to walls by using 8mm diameter fisher bolts of 150mm long fix at four points for each door frame jambs.- as per consultant aproval | D19: No | E19: 1 | G19: =F19*E19 -> 0
B20: D | C20: Metal door 900x2000mm high ( at incinerator area ). Frame should be fixed to walls by using 8mm diameter fisher bolts of 150mm long fix at four points for each door frame jambs.- as per consultant aproval | D20: No | E20: 1 | G20: =F20*E20 -> 0
C22: Supply and fix Door frames: Hardwood mininga or other equal and approved hardwood. Door frame Fixing: must use 4 pcs 8 mm diameter, 6” long fisher bolts per frame (fixed at jambs). | G22: =F22*E22 -> 0
B23: E | C23: Ditto 850x2800mm high (Changing room and incinerator) | D23: No | E23: 1 | G23: =F23*E23 -> 0
B24: F | C24: 850x2000mm , high no vents, no glass, no buglar bars ( for Toilets) | D24: No | E24: 10 | G24: =F24*E24 -> 0
B25: G | C25: 1050x2000mm high no vents, no glass, no buglar bars ( for Toilets-PWD) | D25: No | E25: 1 | G25: =F25*E25 -> 0
G26: =F26*E26 -> 0
C27: (T&L) TOTAL DOORS | G27: =SUM(G16:G26) -> 0
C29: WINDOWS | G29: =F29*E29 -> 0
B30: A | C30: Supply and fix painted metal windows of 1 inch pipe sized for 1000x600 High ( Toilet) complete with galvanized wire mesh, including all necessary frames, fixings, painting/coating, and installation as specified | D30: No | E30: 12 | G30: =F30*E30 -> 0
C32: (T&L) TOTAL WINDOW | G32: =SUM(G29:G30) -> 0
G33: =F33*E33 -> 0
C34: FINISHING WORKS & DECORATION | G34: =F34*E34 -> 0
B35: 6 | C35: Finishing | G35: =F35*E35 -> 0
B36: A | C36: Plastering 25mm thick 1:3 cement sand to foundation wall and to internal walls | D36: m2 | E36: 30 | G36: =F36*E36 -> 0
B37: B | C37: water proof plaster in inernal toilet walls and terrazzo to laundry and Around dhobi sinks | D37: m2 | E37: 69.16 | F37: N/A
C38: Skim ineranl walls with water proof cement slurry mixed with cream color pigments to toilet rooms 1.5m high up to window level | D38: m2 | E38: 100 | G38: =F38*E38 -> 0
B39: C | C39: Carefully finish the terrazzo works by scrubing and polishing Terrazzo floor incl 150mm high skirtings to an acceptable work and client's satisfaction. ( Terrazzo is existing it only needs to be well scrubbed and polished) | D39: m2 | E39: 91 | G39: =F39*E39 -> 0
B40: D | C40: Vanish exernal ISSB wall | D40: m2 | E40: 80.29 | G40: =F40*E40 -> 0
B41: E | C41: Repeat Painting one coats of bituminous paint to foundation walls, internal walls and to beams. | D41: m2 | E41: 31.08 | G41: =F41*E41 -> 0
B42: F | C42: Painting three coats of brown bituminous paint to trusses and white color to fascia board | D42: Item | E42: 1 | G42: =F42*E42 -> 0
B43: G | C43: Supply and fix 150 mm thick concrete coping (RC grade 20 including formwork use 4Y12 and Y8-200c/c), weathered and throated, with bevelled fair-faced exposed surfaces, hoisted into position and bedded and pointed in 1:3 cement:sand mortar. The coping shall incorporate a 75 mm overhang on both sides of the wall and a 10 mm deep continuous drip groove beneath each overhang to prevent water from tracking onto the wall faces. The top surface shall be smooth and weathered with a minimum 0.5% cross fall to shed water away from the wall. All exposed surfaces shall be true, level, and free from defects, complete in accordance with the drawings and the Engineer's instructions. | D43: m | E43: 6 | G43: =F43*E43 -> 0
C45: (T&L) TOTAL FINISHING | G45: =SUM(G36:G44) -> 0
C47: PLUMBING AND SANITARY INSTALLATION
C48: Supply and install and test ; Plumbing | G48: =F48*E48 -> 0
B49: A | C49: Wall-Hung Wash Hand Basin Supply and install a 420 × 510 mm white vitreous china wall-hung wash hand basin, complete with 12 mm pillar taps, 32 mm chromium-plated chain waste, 32 mm plastic bottle trap, concealed brackets, fixing clamps, and all necessary accessories. Install in the changing/women's room and disabled toilet room as shown on the drawings. The basin shall be securely fixed to the wall using approved brass screws and concealed supports, with no floor support. All plumbing pipework and fittings shall be enclosed within a neat casing to conceal them from view. The installation shall include all plumbing connections, sealing, testing, and commissioning, complete in accordance with the drawings and the Engineer's instructions. | D49: No | E49: 2 | G49: =F49*E49 -> 0
B50: B | C50: Supply and install a complete disabled toilet suite, comprising an accessible floor-mounted vitreous china washdown WC pan with matching close-coupled or low-level cistern, a wash hand basin, 4 No. stainless steel grab rails, and 1 No. adjustable folding support rail, complete with all brackets, fixings, pipework connections, and accessories required for a complete installation. The WC pan shall be specifically designed for disabled access applications, with a seat height of approximately 450-480 mm above finished floor level, complete with heavy-duty toilet seat and cover. All grab rails and the folding support rail shall be manufactured from Grade SS304 stainless steel. The folding support rail shall extend at least 100 mm beyond the front edge of the WC pan to provide adequate support during transfer and use. The suite shall be of RAK Ceramics manufacture or approved equivalent and shall include all necessary fittings, fixing accessories, testing, and commissioning. Installation shall comply with the approved drawings, accessibility requirements, manufacturer's recommendations, and the Engineer's instructions. | D50: No | E50: 1 | G50: =F50*E50 -> 0
B51: D | C51: 80mm Diameter high quality plastic floor drain trap built in concrete bed | D51: No | E51: 12 | G51: =F51*E51 -> 0
B52: E | C52: 6mm silver mirror, lead backed, size 450 x600mm with arise edges fixed to wall with mirror screws | D52: No | E52: 4 | G52: =F52*E52 -> 0
B53: F | C53: 20mmØ Chromium plated towel single rail, 600mm long | D53: No | E53: 5 | G53: =F53*E53 -> 0
B54: I | C54: 100mm long soap holder (PVC), plugged and screwed to brick wall | D54: No | E54: 5 | G54: =F54*E54 -> 0
G55: =F55*E55 -> 0
C56: B: WASTE AND VENT PIPES | G56: =F56*E56 -> 0
C57: UPVC pipes: class 'C' | G57: =F57*E57 -> 0
B58: A | C58: 38mmØ; chase in block in concrete slab. | D58: m | E58: 20 | G58: =F58*E58 -> 0
B59: B | C59: Ditto: Equal tee | D59: No | E59: 10 | G59: =F59*E59 -> 0
B60: C | C60: Ditto; plain elbow | D60: No | E60: 6 | G60: =F60*E60 -> 0
B61: D | C61: Ditto; plugged elbow | E61: 6 | G61: =F61*E61 -> 0
G62: =F62*E62 -> 0
C63: C: SOIL AND PIPES | G63: =F63*E63 -> 0
B64: E | C64: UPVC pipes and fittings: Class 'C' | G64: =F64*E64 -> 0
B65: F | C65: 100mmØ pipe fixed to walls | D65: m | E65: 9 | G65: =F65*E65 -> 0
B66: G | C66: Ditto; laid in trenches. | D66: m | E66: 32 | G66: =F66*E66 -> 0
B67: H | C67: Ditto; plugged bend 90˚. | D67: No | E67: 10 | G67: =F67*E67 -> 0
B68: J | C68: Ditto; plain bend 90˚. | D68: No | E68: 10 | G68: =F68*E68 -> 0
G69: =F69*E69 -> 0
C70: D: Ancillaries: | G70: =F70*E70 -> 0
C71: Draw off taps; stop valves; copper alloy to BS 5154 or BS 1010 | G71: =F71*E71 -> 0
B72: K | C72: 13mmØ stop valve | D72: No | E72: 21 | G72: =F72*E72 -> 0
B73: L | C73: 13mm Ø bib taps Chrome plated | D73: No | E73: 21 | G73: =F73*E73 -> 0
B74: M | C74: 13mm angle valves | D74: No | E74: 8 | G74: =F74*E74 -> 0
B75: N | C75: Provision for wastebin for waste collection in the MHM room | D75: No | E75: 2 | G75: =F75*E75 -> 0
C77: Water connection to WASH
C78: 25mmØ PN 16 communication pipe HDPE to trench connecting water to building from supply pipe from tank raiser. Including all fittings ( neeples, elbows, reducers etc). | D78: Item | E78: 1 | G78: =F78*E78 -> 0
G79: =F79*E79 -> 0
C80: FOUL WATER DRAINAGE | G80: =F80*E80 -> 0
C81: MANHOLE AND GULLY TRAP | G81: =F81*E81 -> 0
B82: P | C82: Construct a masonry manhole size 600 x x600mm average depth 600mm with fired bricks, mortar ratio 1:3 | D82: No | E82: 7 | G82: =F82*E82 -> 0
B83: Q | C83: Construct a standard gully trap chambers with internal dimensions of 300x300mm by 300mm deep using burnt bricks | D83: No | E83: 10 | G83: =F83*E83 -> 0
G84: =F84*E84 -> 0
C85: Soak way pit | G85: =F85*E85 -> 0
B86: R | C86: Construct complete soak away pit, size 3m diam with 3.5m depth, including excavation, perforated brick wall, pipe 4" connection, vent pipe 4",Y12 150 C/C top and bottom face reinforced concrete slab 150mm thick, formwork, precast concrete cover 450 x 450mm | D86: LS | E86: 1 | G86: =F86*E86 -> 0
C87: Construct C20 concrete cover for manhole chamber 600mmx 600mm reinforced with 4mm BRC | D87: No | E87: 1 | G87: =F87*E87 -> 0
G88: =F88*E88 -> 0
C89: Septic Tank | G89: =F89*E89 -> 0
B90: S | C90: Allow for construction of faul water septic tank of internal dimension 5000Lx2000Wx3000D mm, of capacity 17,280Litres complete , Y12 150 c/c bottom face reinforced concrete grade 20 , formwork and other associated accessories | D90: LS | E90: 1 | G90: =F90*E90 -> 0
C91: Construct C20 concrete cover for manhole chamber 600mmx 600mm reinforced with 4mm BRC | D91: No | E91: 4 | G91: =F91*E91 -> 0
B92: T | C92: Allow for connection of all plumbing system from WC to man holes to septic tanks (all pipes are already priced above) | D92: Item | E92: 1 | G92: =F92*E92 -> 0
C94: TOTAL PLUMBING AND SANITARY INSTALLATION | G94: =SUM(G49:G93) -> 0
B96: 3 | C96: DHOBI SINK | G96: =F96*E96 -> 0 | O96: 0.7 | P96: =O96*E96 -> 0
B97: A | C97: Construct 6mm BRC reinforced concrete grade 20 hand wash basin with a 600mm x 400mm width by 350mm depth internal dimension, and provide a 50mm diameter water outlet hole provided with trap and screener, 100mm concrete partition wall between one wash basin to another same for slab. Top-level of wash basin from floor is 750mm, it will be casted on top of brick wall, includes formworks, bottle trap, drainers and necessary accessories; ( it will be used as hand wash basin as well) . Apply 50mm thick Terrazzo finishing to all dhobi sinks | D97: m3 | E97: 5 | G97: =F97*E97 -> 0 | O97: 0.7
G98: =F98*E98 -> 0 | O98: 0.7 | P98: =O98*E98 -> 0
C99: (T&L) TOTAL DHOBI SINKS | G99: =SUM(G97:G98) -> 0
C101: SUB SUMMARY - TOILET
C103: (T&L) TOTAL FOUNDATION AND WALLING | G103: =G12 -> 0
C105: (T&L) TOTAL ROOFING
C107: TOTAL DHOBI SINK | G107: =G99 -> 0
C109: (T&L) TOTAL DOORS | G109: =G27 -> 0
C111: (T&L) TOTAL WINDOW | G111: =G32 -> 0
C113: (T&L) TOTAL FINISHING | G113: =G45 -> 0
C115: =C94 -> TOTAL PLUMBING AND SANITARY INSTALLATION | G115: =G94 -> 0
C117: SUM TOILET AND LAUNDRY | G117: =SUM(G103:G116) -> 0
F118: 0 | G118: =F118*E118 -> 0
F119: 0 | G119: =F119*E119 -> 0
C120: WATER TOWER/ TANK RISER | F120: 0 | G120: =F120*E120 -> 0
B121: A | C121: Site cleance and excavation of foundations | D121: m3 | E121: 13 | G121: =F121*E121 -> 0
B122: B | C122: Supply and cast RC concrete base mix ratio 1:2:4, 7Y16-200 c/c B1 and 7Y16-200 c/c B2- use cement 42.5Nmm2 , including formworks | D122: m3 | E122: =2*2*0.4*6 -> 9.6 | G122: =F122*E122 -> 0
...

Sheet MWANGA
A2: Bill of Quantities For the Construction of water tank raiser, incinerator renovation, and renovation of hand wash sinks at Mwanga Secondary School - Kasulu TC
A3: RENOVATION OF TOILET - MWANGA
A5: S/No | B5: Item | C5: Unit | D5: Qty | E5: Rate (EURO) | F5: Total (EURO)
A7: 1 | B7: Foundation and walling
B8: RAMPS (total of 2 ramps)
A9: A | B9: Foundation: Construct a 300mm thick stone masonry wall | C9: m3 | D9: 8 | F9: =D9*E9 -> 0
A10: B | B10: 400 mm thick hard core | C10: m2 | D10: 9 | F10: =D10*E10 -> 0
A11: C | B11: 100 mm thick, Plain concrete slab grade 15 | C11: m2 | D11: 9 | F11: =D11*E11 -> 0
B13: SUBSTRUCTURE | F13: =SUM(F9:F12) -> 0
B15: ROOFING
A17: A | B17: Truss Fabrication, Installation and fixing purlins spaced 0.9m c/c along rafter of every truss. fix purlins with 5"nails then tie with core wire securing to rafer. • Materials: Supply well-seasoned and treated timber. Timber sections to be used:  Rafters: 50x150 mm. - eucaliptus  Tie beams: 50x150 mm. eucaliptus  Wall plates and struts: 50x100 mm. eucaliptus  Purlins: 50x70 mm. - Pine soft wood timber • Fabrication: Fabricate the trusses as per the provided drawings. Ensure the trusses are fabricated with a rafter slope of 8 degrees. • Installation: Install the fabricated trusses on the ring beam with a spacing of 1.4 meters center-to-center (c/c). Anchor the trusses to the ring beam using core M6 steel bars casted in the ring beam. Use two bolts (12mm diameter) with nuts and 2inches diameter washers to secure the joints of rafters and tie beams. • Overhangs: o The external overhang is to be 1.5 meters long. o The internal overhang at the hallway is to be 0.8 meters long. • Additional Provisions: o All tools, nails, and materials necessary for the truss fabrication and installation are to be included | C17: No | D17: 7 | F17: =E17*D17 -> 0
A18: B | B18: Supply and fix 28-gauge IT5 roofing sheets with resin-coated finish having high solar reflectivity and low heat absorption properties, fixed onto treated pine timber purlins using 3.5-inch rubber-washer roofing nails, complete to approved specifications. | C18: m2 | D18: 137 | F18: =E18*D18 -> 0
A19: C | B19: Fascia board: treated pine timber - 25x200mm. Weld brackets at 600mm c/c | C19: m2 | D19: 30.1 | F19: =E19*D19 -> 0
F20: =E20*D20 -> 0
A21: D | B21: Construct a (1:2:4) 6mm BRC reinforced concrete wash basin with a 600mm x 400mm width by 350mm depth internal dimension, and provide a 50mm diameter water outlet hole provided with trap and screener, 100mm concrete partition wall between one wash basin to another same for slab. Top-level of wash basin from floor is 750mm, it will be casted on top of brick wall, includes formworks, bottle trap, drainers and necessary accessories; ( it will be used as hand wash basin as well) | C21: m3 | D21: 1.7 | F21: =E21*D21 -> 0
B23: (T&L) TOTAL ROOFING | F23: =SUM(F16:F22) -> 0
F24: =E24*D24 -> 0
B25: DOORS | F25: =E25*D25 -> 0
B26: Supply and fix Door frames: Hardwood mininga or other equal and approved hardwood. Door frame Fixing: must use 4 pcs 8 mm diameter, 6” long fisher bolts per frame (fixed at jambs). | F26: =E26*D26 -> 0
A27: E | B27: Ditto 850x2800mm high | C27: No. | D27: 4 | F27: =E27*D27 -> 0
B29: Doors Shutter Prime quality hardwood paneled doors mninga or other equal and approved hardwood 45mm Thick panelled single door Mahogany timber finish, comprising of 45 x 150mm top and middle rails, 45 x 150mm stiles and 45 x 200 bottom rail, panels filled in with and including 35mm thick moulded boarding tongued and grooved all round rails Including Supply and fix the following "UNION" make or other equal and approved iron-mongery To softwood, hardwood or the like; fixing with screws ;- 3-Lever Mortise lock with furniture, Toiles and Bathroom lock with indicating bolt, 100mm Brass butt hinges
A31: F | B31: Ditto 800 x 2000mm high. ( toilets and changing room) | C31: No | D31: 4 | F31: =E31*D31 -> 0
B33: (T&L) TOTAL DOORS | F33: =SUM(F26:F32) -> 0
F34: =E34*D34 -> 0
B35: WINDOWS | F35: =E35*D35 -> 0
A36: G | B36: Supply and fix painted metal windows of 1 inch pipe sized for 1000x600 High ( Toilet) complete with galvanized wire mesh, including all necessary frames, fixings, painting/coating, and installation as specified | C36: No. | D36: 4 | F36: =E36*D36 -> 0
B38: (T&L) TOTAL WINDOW | F38: =SUM(F35:F36) -> 0
F39: =E39*D39 -> 0
A40: 6 | B40: FINISHING WORKS | F40: =E40*D40 -> 0
A41: A | B41: Plastering 25mm thick 1:3 cement sand to foundation wall and to internal walls | C41: m2 | D41: 85.2 | F41: =E41*D41 -> 0
A42: B | B42: waterproof plastering 1:4 in toilets plus skimmed gley cement pigment. Ditto for wall above wash basin. | C42: m2 | D42: 42.4 | F42: =E42*D42 -> 0
A43: C | B43: Terrazo floor finishing | C43: m2 | D43: 63.5 | F43: =E43*D43 -> 0
A44: D | B44: Plastering 25mm thick 1:3 cement sand to external walls | C44: m2 | D44: 65 | F44: =E44*D44 -> 0
A45: E | B45: Painting three coats of bituminous paint to the foundation walls, silk Paint to internal walls , weather guard paint to external walls, and painting to fascia board | C45: m2 | D45: 150 | F45: =E45*D45 -> 0
B47: (T&L) TOTAL FINISHING | F47: =SUM(F41:F46) -> 0
F48: =E48*D48 -> 0
B49: Supply and fix ; | F49: =E49*D49 -> 0
A50: A | B50: Wash hand basins; white vitreous China; 32mm chromium plated chain waste 32mm plastic bottle trap concealed bracket with fixing clamps pair 12mm pillar taps 420 x 510mm; requiring plugging. fixing with brass screws to backgrounds ( install at changing/women's room0 | C50: No | D50: 1 | F50: =E50*D50 -> 0
A51: A | B51: Construct 6mm BRC reinforced concrete grade 20 hand wash basin with a 600mm x 400mm width by 350mm depth internal dimension, and provide a 50mm diameter water outlet hole provided with trap and screener, 100mm concrete partition wall between one wash basin to another same for slab. Top-level of wash basin from floor is 750mm, it will be casted on top of brick wall, includes formworks, bottle trap, drainers and necessary accessories; ( it will be used as hand wash basin as well) . Apply 50mm thick Terrazzo finishing to all dhobi sinks. number of hand wash sink to be casted are 4 | C51: m3 | D51: 5 | F51: =E51*D51 -> 0
A52: B | B52: Squatting -White vitreous asian type W.C suite comprising 9 litres capacity cistern with cover, 12mm BSS high pressure ball valve, plastic syphon fitting, side supply and overflow set. Castleware/ Arrow brand or equivalent approved. | C52: No | D52: 4 | F52: =E52*D52 -> 0
A53: D | B53: 80mm Diameter high quality plastic floor drain trap built in concrete bed | C53: No | D53: 6 | F53: =E53*D53 -> 0
A54: E | B54: 6mm silver mirror, lead backed, size 450 x600mm with arise edges fixed to wall with mirror screws | C54: No | D54: 4 | F54: =E54*D54 -> 0
A55: H | B55: Shurtuff (Douche spray) 13mm diameter X 1000mm long flexible hose metal braided hose | C55: No | D55: 4 | F55: =E55*D55 -> 0
A56: I | F56: =E56*D56 -> 0
A57: J | B57: Pipes work in building | F57: =E57*D57 -> 0
A58: K | B58: A: Supply pipe PN 16 | F58: =E58*D58 -> 0
A59: L | B59: 25mmØ communication pipe HDPE to trench | C59: m | D59: 16 | F59: =E59*D59 -> 0
A60: M | B60: Ditto; tee | C60: No | D60: 6 | F60: =E60*D60 -> 0
A61: N | B61: Ditto; elbow | C61: No | D61: 9 | F61: =E61*D61 -> 0
A62: O | B62: Ditto; male connector | C62: No | D62: 6 | F62: =E62*D62 -> 0
A63: P | B63: 32mmØ pipe to trench | C63: No | D63: 6 | F63: =E63*D63 -> 0
A64: Q | B64: Ditto; elbow | C64: No | D64: 3 | F64: =E64*D64 -> 0
A65: R | B65: Ditto; nipple MM | C65: No | D65: 9 | F65: =E65*D65 -> 0
A66: S | B66: Ditto; nipple FF | C66: No | D66: 9 | F66: =E66*D66 -> 0
A67: T | B67: Ditto; union | C67: No | D67: 6 | F67: =E67*D67 -> 0
A68: U | B68: Ditto; reducing connector 32Ø × 25Ø | C68: No | D68: 9 | F68: =E68*D68 -> 0
A69: V | B69: Ditto; reducing connector 25Ø × 19Ø | C69: No | D69: 9 | F69: =E69*D69 -> 0
A70: W | B70: Ditto; nipple MM | C70: No | D70: 9 | F70: =E70*D70 -> 0
... A77: AD | B77: Ditto: union | C77: No | D77: 10 | F77: =E77*D77 -> 0
F78: =E78*D78 -> 0
B79: B: WASTE AND VENT PIPES | F79: =E79*D79 -> 0
B80: UPVC pipes: class 'C' | F80: =E80*D80 -> 0
A81: AE | B81: 38mmØ; chase in block in concrete slab. | C81: m | D81: 5 | F81: =E81*D81 -> 0
A82: AF | B82: Ditto: Equal tee | C82: No | D82: 5 | F82: =E82*D82 -> 0
A83: AG | B83: Ditto; plain elbow | C83: No | D83: 3 | F83: =E83*D83 -> 0
A84: AH | B84: Ditto; plugged elbow | D84: 3 | F84: =E84*D84 -> 0
F85: =E85*D85 -> 0
A86: AI | B86: C: SOIL AND PIPES | F86: =E86*D86 -> 0
A87: AJ | B87: UPVC pipes and fittings: Class 'C' | F87: =E87*D87 -> 0
A88: AK | B88: 100mmØ pipe fixed to walls | C88: m | D88: 9 | F88: =E88*D88 -> 0
A89: AL | B89: Ditto; laid in trenches. | C89: m | D89: 32 | F89: =E89*D89 -> 0
A90: AM | B90: Ditto; plugged bend 90˚. | C90: No | D90: 5 | F90: =E90*D90 -> 0
A91: AN | B91: Ditto; plain bend 90˚. | C91: No | D91: 5 | F91: =E91*D91 -> 0
F92: =E92*D92 -> 0
B93: D: Ancillaries: | F93: =E93*D93 -> 0
B94: Draw off taps; stop valves; copper alloy to BS 5154 or BS 1010 | F94: =E94*D94 -> 0
A95: AO | B95: 13mmØ stop valve | C95: No | D95: 10 | F95: =E95*D95 -> 0
A96: AP | B96: 13mm Ø bib taps Chrome plated | C96: No | D96: 10 | F96: =E96*D96 -> 0
A97: AQ | B97: 13mm angle valves | C97: No | D97: 4 | F97: =E97*D97 -> 0
A98: AR | B98: Provision for wastebin for waste collection in the MHM room | C98: No | D98: 2 | F98: =E98*D98 -> 0
F99: =E99*D99 -> 0
B100: FOUL WATER DRAINAGE | F100: =E100*D100 -> 0
B101: MANHOLE AND GULLY TRAP | F101: =E101*D101 -> 0
A102: AS | B102: Construct a masonry manhole size 600 x x600mm average depth 600mm with fired bricks, mortar ratio 1:3 | C102: No | D102: 4 | F102: =E102*D102 -> 0
F103: =E103*D103 -> 0
B104: TOTAL PLUMBING AND SANITARY INSTALLATION | F104: =SUM(F57:F103) -> 0
B106: SUB SUMMARY - TOILET
B108: (T&L) TOTAL FOUNDATION AND WALLING | F108: =F13 -> 0
B110: (T&L) TOTAL ROOFING | F110: =F23 -> 0
B112: TOTAL DHOBI SINK
B114: (T&L) TOTAL DOORS | F114: =F33 -> 0
B116: (T&L) TOTAL WINDOW | F116: =F38 -> 0
B118: (T&L) TOTAL FINISHING | F118: =F47 -> 0
B120: =B104 -> TOTAL PLUMBING AND SANITARY INSTALLATION | F120: =F104 -> 0
B122: SUM TOILET AND LAUNDRY | F122: =SUM(F108:F121) -> 0
F123: =E123*D123 -> 0
A124: 8 | B124: WATER TOWER | F124: =E124*D124 -> 0
A125: A | B125: Site cleance and excavation of foundations | C125: m3 | D125: 13 | F125: =E125*D125 -> 0
A126: B | B126: Supply and cast RC concrete base mix ratio 1:2:4, 7Y16-200 c/c B1 and 7Y16-200 c/c B2- use cement 42.5Nmm2 , including formworks | C126: m3 | D126: =2*2*0.4*6 -> 9.6 | F126: =E126*D126 -> 0
A127: C | B127: Fix formworks and cast six (6) reinforced concrete columns, column footings of 1.3mx1.3m, having 6Y16 main bars, Y8-150mm c/c stirrups. total height of collumns from base to roof slab is 6.5m(it may vary), from ground level to roof level height is 5m | C127: m3 | D127: 11 | F127: =E127*D127 -> 0
...
